AoeStats
← RidingRaccoon

Arena

508040227Analyzed
3v3 RM · 11d ago on Sep 20, 2026· 66m 43s· 6 players
Game mode
Random Map
Map size
Normal (6 player)
Population
200
Speed
Normal
Resources
Standard
Victory
Conquest
Starting age
Dark Age
Ending age
Imperial Age
RankedLock teamsTeams togetherTeam positionsShared explorationLock speedFull tech treeHidden civsTurbo modeCheats
Victory
Defeat
🇨🇱 Koreans · Chile
724
+16
🇨🇳 Byzantines · China
717
+16
🇵🇪 Inca · Peru
663
+18
🇦🇹 Spanish · Austria
742
-18
🇩🇪 Britons · Germany
707
-16
🇫🇷 Franks · France
690
-16
kolb-alexander
15:37 Feudal Age
16:49 Horse Collar
16:57 Double-Bit Axe
17:51 Gold Mining
18:57 Stone Mining
20:48 Fletching
21:08 Forging
20:59 Scale Mail Armor
21:04 Scale Barding Armor
24:02 Castle Age
23:28 Padded Archer Armor
24:39 Arson
26:36 Gold Shaft Mining
26:36 Chain Mail Armor
26:16 Bodkin Arrow
27:37 Leather Archer Armor
27:38 Squires
27:01 Pikeman
27:53 Caravan
29:33 Heavy Plow
29:46 Bow Saw
33:18 Crossbowman
44:45 Imperial Age
chens_pancake
0:27 Loom
11:21 Feudal Age
12:16 Town Watch
12:40 Double-Bit Axe
14:59 Gold Mining
15:44 Stone Mining
19:07 Castle Age
20:09 Bow Saw
20:37 Gold Shaft Mining
25:35 Wheelbarrow
27:36 Caravan
28:47 Hand Cart
30:03 Fletching
30:19 Scale Barding Armor
30:25 Forging
31:32 Husbandry
32:00 Chain Barding Armor
32:39 Masonry
36:48 Iron Casting
36:11 Bodkin Arrow
39:55 Imperial Age
38:43 Fortified Wall
38:29 Murder Holes
38:55 Ballistics
39:07 Coinage
40:04 Cavalier
43:11 Paladin
44:28 Plate Barding Armor
44:59 Blast Furnace
45:00 Block Printing
45:47 Chivalry
45:45 Light Cavalry
46:37 Heavy Scorpion
50:26 Chemistry
50:01 Architecture
49:50 Siege Engineers
50:54 Sanctity
51:50 Town Patrol
RidingRaccoon
11:25 Feudal Age
9:58 Loom
15:48 Castle Age
14:51 Double-Bit Axe
15:50 Horse Collar
18:26 Bow Saw
25:34 Fletching
25:45 Padded Archer Armor
27:18 Heavy Plow
29:10 Gold Mining
29:10 Stone Mining
30:46 Wheelbarrow
29:56 Town Watch
30:42 Ballistics
30:33 Masonry
30:20 Murder Holes
34:32 Imperial Age
32:40 Bodkin Arrow
32:55 Forging
33:35 Stone Shaft Mining
32:53 Pikeman
33:34 Squires
33:19 Arson
33:44 Thumb Ring
32:59 Elite Skirmisher
34:14 Caravan
35:18 Fortified Wall
36:22 Iron Casting
36:03 Leather Archer Armor
35:48 Scale Mail Armor
35:54 Scale Barding Armor
35:51 Husbandry
36:02 Bloodlines
36:58 Chemistry
35:47 Arrowslits
37:04 Conscription
39:46 Architecture
43:30 Guilds
43:51 Coinage
42:49 Halberdier
45:53 Elite Conquistador
47:29 Ring Archer Armor
46:59 Bracer
47:20 Chain Barding Armor
47:15 Chain Mail Armor
48:01 Blast Furnace
50:33 Hoardings
57:16 Banking
58:17 Plate Mail Armor
58:22 Plate Barding Armor
RavenSael
9:39 Feudal Age
10:15 Double-Bit Axe
12:08 Horse Collar
18:45 Castle Age
17:17 Loom
18:44 Stone Mining
24:24 Bow Saw
24:12 Champi Runner
25:38 Champi Warrior
28:00 Forging
28:15 Scale Mail Armor
31:09 Gold Mining
31:20 Heavy Plow
31:26 Heavy Plow
31:17 Gold Mining
31:15 Town Watch
36:18 Imperial Age
34:21 Squires
34:18 Pikeman
35:50 Arson
37:16 Wheelbarrow
36:41 Town Patrol
37:21 Halberdier
38:21 Andean Sling
38:21 Fabric Shields
39:17 Gold Shaft Mining
39:51 Fletching
40:37 Iron Casting
40:35 Crop Rotation
40:45 Stone Shaft Mining
39:51 Elite Skirmisher
40:37 Thumb Ring
42:05 Elite Kamayuk
43:31 Ballistics
44:12 Chemistry
42:53 Treadmill Crane
45:06 Chain Mail Armor
45:51 Blast Furnace
48:07 Elite Champi Warrior
49:03 Sappers
51:37 Murder Holes
51:25 Onager
57:45 Hoardings
57:38 Heavy Scorpion
58:53 Hand Cart
59:11 Plate Mail Armor
58:37 Bodkin Arrow
58:43 Padded Archer Armor
62:30 Conscription
63:16 Crossbowman
64:34 Bracer
64:50 Leather Archer Armor
64:51 Fortified Wall
65:12 Arbalester
伐木王
0:37 Loom
11:37 Feudal Age
12:15 Double-Bit Axe
12:12 Horse Collar
13:59 Gold Mining
20:59 Castle Age
19:14 Stone Mining
22:30 Bow Saw
22:27 Heavy Plow
26:08 Stone Shaft Mining
26:11 Gold Shaft Mining
31:09 Imperial Age
29:23 Wheelbarrow
28:47 Treadmill Crane
30:21 Hand Cart
31:12 Elite Cataphract
34:43 Conscription
36:02 Two-Man Saw
35:39 Crop Rotation
35:25 Scale Barding Armor
35:31 Forging
37:40 Chemistry
39:12 Chain Barding Armor
39:27 Iron Casting
41:37 Plate Barding Armor
45:02 Husbandry
47:18 Padded Archer Armor
47:09 Fletching
48:14 Logistica
52:00 Ballistics
51:52 Fortified Wall
51:28 Arrowslits
51:39 Murder Holes
52:04 Leather Archer Armor
51:45 Bodkin Arrow
51:51 Scale Mail Armor
53:09 Fortified Wall
52:49 Arrowslits
gustebrius
5:01 Loom
11:50 Feudal Age
15:54 Castle Age
13:59 Double-Bit Axe
13:56 Horse Collar
20:16 Stone Mining
23:45 Fletching
26:26 Bodkin Arrow
27:37 Wheelbarrow
27:29 Gold Mining
28:15 Stone Shaft Mining
28:03 Bow Saw
28:01 Heavy Plow
35:41 Imperial Age
36:48 Hand Cart
35:57 Pikeman
36:39 Squires
36:25 Gambesons
36:27 Arson
38:52 Forging
38:43 Scale Mail Armor
38:44 Bracer
39:48 Chemistry
39:08 Ballistics
40:17 Iron Casting
41:46 Halberdier
45:50 Guilds
61:27 Town Watch
61:33 Town Watch
63:29 Two-Man Saw
66:50 Chain Mail Armor
Connection lost

Rejoining the realm…

Still unreachable

The connection could not be restored.

Session expired

The server has moved on; the page needs a fresh start.